 Dungeon Crawl Stone Soup version 0.29.0-13-gc9e81de378 (webtiles) character file.

Game seed: 18210935740529281037

168 raistware the Conjurer (level 5, -1/32 HPs)
             Began as an Octopode Conjurer on Sept 9, 2022.
             Slain by a mummy (14 damage)
             ... in an ossuary.
             The game lasted 00:09:51 (3444 turns).

raistware the Conjurer (Octopode Conjurer)          Turns: 3444, Time: 00:09:52

Health: -1/32      AC:  1    Str:  6    XL:     5   Next: 49%
Magic:  1/11       EV: 13    Int: 23    God:
Gold:   201        SH:  0    Dex: 16    Spells: 7/12 levels left

rFire   + . .      SeeInvis .   p - staff of fire
rCold   . . .      Faith    .   (no shield)
rNeg    . . .      Spirit   .   (helmet restricted)
rPois   .          Reflect  .   (no amulet)
rElec   .          Harm     .   o - +6 ring of dexterity
rCorr   .          Rampage  .   (no ring)
Will    .....                   (no ring)
Stlth   +++.......              (no ring)
HPRegen 0.10/turn               (no ring)
MPRegen 0.12/turn               (no ring)
                                (no ring)
                                (no ring)

@: no status effects
A: almost no armour, amphibious, 8 rings, camouflage 1, gelatinous body 1,
(nimble swimmer 1), tentacles
a: no special abilities


You were in an ossuary.
You visited 1 branch of the dungeon, and saw 4 of its levels.
You also visited: Ossuary.

You collected 201 gold pieces.

Inventory:

Hand Weapons
 m - a +1 short sword of venom
Missiles
 c - 2 poisoned darts
Magical Staves
 p - a staff of fire (weapon)
Jewellery
 o - a +6 ring of dexterity (left tentacle)
Scrolls
 b - a scroll of torment {unknown}
 d - 4 scrolls of noise
 h - a scroll of teleportation {unknown}
 i - 2 scrolls of fog
 j - 3 scrolls of poison
 k - a scroll of magic mapping {unknown}
 q - a scroll of enchant weapon {unknown}
 s - a scroll of immolation {unknown}
 u - a scroll of amnesia {unknown}
Potions
 e - a potion of flight
 r - a potion of invisibility {unknown}
 t - a potion of degeneration {unknown}
 v - a potion of haste {unknown}
 w - a potion of attraction {unknown}
 x - a potion of ambrosia {unknown}


   Skills:
 + Level 0.5 Fighting
 + Level 0.5 Staves
 + Level 2.2 Dodging
 - Level 3.0 Stealth
 - Level 4.1 Spellcasting
 - Level 4.1 Conjurations
 - Level 2.0 Translocations
 + Level 0.7 Evocations


You had 7 spell levels left.
You knew the following spells:

 Your Spells              Type           Power      Damage    Failure   Level
a - Magic Dart            Conj           92%        1d7       1%          1
b - Iskenderun's Mystic   Conj/Tloc      18%        2d6       30%         4

Your spell library contained the following spells:

 Spells                   Type           Power      Damage    Failure   Level
 Searing Ray              Conj           46%        2d6       3%          2
 Summon Small Mammal      Summ           16%        N/A       11%         1
 Dazzling Flash           Conj/Hex       28%        N/A       14%         3
 Call Canine Familiar     Summ           4%         N/A       30%         3
 Frozen Ramparts          Ice            8%         1d2       30%         3
 Summon Guardian Golem    Hex/Summ       4%         N/A       30%         3
 Fulminant Prism          Conj/Hex       7%         3d7       41%         4
 Iskenderun's Battlesphe  Conj           23%        2d8       47%         5
 Ice Form                 Ice/Tmut       4%         N/A       71%         4
 Summon Ice Beast         Ice/Summ       4%         N/A       71%         4
 Fireball                 Conj/Fire      10%        3d6       77%         5
 Conjure Ball Lightning   Conj/Air       7%         3x3d6     100%        6
 Orb of Destruction       Conj           11%        9d6       100%        7


Dungeon Overview and Level Annotations

Branches:
Dungeon (4/15)            Ossuary (1/1)
 Temple: D:4-7

Altars:
Elyvilon
Uskayaw

Annotations:
D:3 2 transporters, Rayvis's ghost, amateur DsGl


Innate Abilities, Weirdness & Mutations

You cannot wear most types of armour.
You are amphibious.
You can wear up to eight rings at the same time.
Your skin changes colour to match your surroundings (Stealth+).
Your rubbery body absorbs attacks. (AC +1, EV +1)
((You are camouflaged when in or above water. (Stealth+)))
You have tentacles for arms and can constrict up to eight enemies at once.


Message History

The mummy hits you!
* * * LOW HITPOINT WARNING * * *
Unknown command.
Unknown command.
Casting: Iskenderun's Mystic Blast (quite dangerous; 30% risk of failure)
Confirm with . or Enter, or press ? or * to list all spells.
The spell is quite dangerous to miscast (30% risk of failure)!
Continue anyway?
You erupt in a blast of force!
The mystic blast hits the mummy!
The mummy is heavily damaged.
The mummy is knocked back by the mystic blast.
The mystic blast hits the mummy.
The mummy is heavily damaged.
The mummy is knocked back by the mystic blast.
The mystic blast hits the elf zombie.
The elf zombie is heavily damaged.
The elf zombie is knocked back by the mystic blast.
The mystic blast hits the hound zombie!
You destroy the hound zombie!
Unknown command.
Unknown command.
Okay, then.
As you read the scroll of identify, it crumbles to dust.
e - a potion of flight You feel better.
It was a potion of heal wounds.
You feel much better. The mummy hits you but does no damage.
The elf zombie hits you.
You hit the elf zombie.
The elf zombie is heavily damaged.
The mummy barely misses you. The mummy hits you. x2
You barely miss the elf zombie.
The elf zombie is heavily damaged.
You feel less wooden.
The elf zombie hits you but does no damage.
The mummy hits you.
Unknown command.
You barely miss the elf zombie. Your grab misses the elf zombie.
The elf zombie is heavily damaged.
The elf zombie hits you. The mummy barely misses you.
The mummy closely misses you. The mummy hits you!
You die...

☼°§☼...○°.○.§.○
.☼..○○..§☼.☼...
☼☼○○.☼§.☼○○.§..
§.○○☼☼.○○☼§..○.
○°.§.☼.°..☼☼..○
§☼☼.°..☼☼○.○○○°
.○.☼○°M.M.○.☼..
....§.Z@☼.○.☼.○
○...○○M∩M§.○.§.
.°..○○....☼☼☼.○
§..☼.○.○.☼○☼.☼○
.....○°°☼○°...☼
○☼§.○.☼...°..°○
.....☼§○○§.○...
..○.°.§.°.○.○☼°
...............


You could see 4 mummies and an elf zombie.

Vanquished Creatures
  2 hound zombies (Ossuary)
  A mummy (D:4)
  4 adders
  An adder zombie (Ossuary)
  A worm (D:3)
  2 dart slugs
  2 orcs (D:3)
  8 endoplasms
  5 giant cockroaches
  3 gnoll zombies (Ossuary)
  3 goblins
  9 hobgoblins
  3 jackals
  6 kobolds
  A quokka (D:1)
  11 ball pythons
  4 bats
  3 frilled lizards
  A hobgoblin zombie (Ossuary)
  2 orc zombies (Ossuary)
  A rat (D:2)
  2 rat zombies (Ossuary)
75 creatures vanquished.

Vanquished Creatures (others)
  A goblin (D:3)
1 creature vanquished.

Grand Total: 76 creatures vanquished

Notes
Turn   | Place    | Note
-------+----------+-------------------------------------------
     0 | D:1      | raistware the Octopode Conjurer began the quest for the
                  | Orb.
     0 | D:1      | Reached XP level 1. HP: 11/11 MP: 3/3
   414 | D:1      | Reached XP level 2. HP: 17/17 MP: 2/5
   929 | D:1      | Reached XP level 3. HP: 21/21 MP: 5/7
  1893 | D:2      | Reached XP level 4. HP: 27/27 MP: 4/9
  1898 | D:2      | Learned a level 4 spell: Iskenderun's Mystic Blast
  2514 | D:3      | Reached skill level 1 in Translocations
  2635 | D:3      | Found a hide-covered altar of Uskayaw.
  2679 | D:3      | Found a transporter.
  2683 | D:3      | Noticed Rayvis's ghost (amateur DsGl)
  2685 | D:3      | Found a transporter.
  2686 | D:3      | Noticed an ogre
  2686 | D:3      | Noticed an ogre
  3138 | D:3      | Found a white marble altar of Elyvilon.
  3348 | D:4      | Found a sand-covered staircase.
  3357 | D:4      | Reached XP level 5. HP: 31/31 MP: 5/11
  3403 | Ossuary  | Entered an ossuary
  3444 | Ossuary  | Slain by a mummy

Illustrated notes

Levels and vault maps discovered:
D:1:      wander_arrival_peaceful_grave, layout_loops_ring
D:2:      layout_rooms, minmay_close_crescents
D:3:      layout_loops_ring, elyvilon_altar_4, nicolae_uskayaw_dance_hall,
          gammafunk_ghost_smash
D:4:      layout_rooms, nicolae_wu_jian_immortal_techniques,
          mainiacjoe_overflow_boulevard, nicolae_ossuary_entry_giza,
          nicolae_figureground_pulse, uniq_natasha, uniq_robin
Ossuary:  ossuary_minmay_tomb_2a

Skill      XL: |  1  2  3  4 |
---------------+-------------+-----
Spellcasting   | 3 4 |  4.1
Translocations | 2 |  2.0
Stealth        | 3 |  3.0
Fighting       | |  0.5
Staves         | |  0.5
Dodging        | |  2.2
Conjurations   | |  4.1
Evocations     | |  0.7

Action                   |  1- 3 |  4- 6 || total
-------------------------+-------+-------++-------
Melee: Unarmed           |    33 |       ||    33
       Constrict         |     9 |       ||     9
       Tentacles         |     5 |       ||     5
       Staff             |       |    22 ||    22
 Cast: Magic Dart        |    75 |    69 ||   144
       Iskenderun's Myst |       |     4 ||     4
  Use: Potion            |       |     5 ||     5
       Scroll            |       |     4 ||     4
 Stab: Sleeping          |     2 |       ||     2
Armor: Skin              |     2 |   136 ||   138
Dodge: Dodged            |    40 |    14 ||    54
